 Dungeon Crawl Stone Soup version 0.15-a0-77-g44c3f01 (webtiles) character file.

1020 Quh the Conjurer (level 7, -2/36 HPs)
             Began as a Deep Elf Conjurer on Apr 7, 2014.
             Shot with an arrow by a centaur (14 damage)
             ... on Level 5 of the Dungeon.
             The game lasted 00:30:53 (6146 turns).

Quh the Conjurer (Deep Elf Conjurer)                Turns: 6146, Time: 00:30:53

HP  -2/36        AC  5     Str  7      XL: 7   Next: 56%
MP  15/20        EV 13     Int 20      God:
Gold 232         SH  0     Dex 15      Spells:  3 memorised,  4 levels left

rFire  . . .     SeeInvis .     (no weapon)
rCold  . . .     Clarity  .     a - +0 robe
rNeg   . . .     Conserve .     (no shield)
rPois  +         rCorr    .     (no helmet)
rElec  .         rRot     .     e - +1 cloak
SustAb . .       Spirit   .     i - +0 pair of gloves
rMut   .         Warding  .     (no boots)
Saprov . . .     Stasis   .     (no amulet)
MR     .....                    z - ring of wizardry
                                g - ring of poison resistance

@: very slightly contaminated, not resistant to hostile enchantments, fairly
stealthy
A: no striking features
a: no special abilities


You were on level 5 of the Dungeon.
You were very hungry.

You visited 1 branch of the dungeon, and saw 5 of its levels.

You collected 232 gold pieces.

Inventory:

Hand weapons
 n - a +2,+0 falchion of electrocution
 y - a cursed -1,-3 falchion
Armour
 a - a +0 robe (worn)
 e - a +1 cloak (worn)
 i - a +0 pair of gloves (worn)
 q - a +2 robe
 r - a +0 robe
 u - a +1 scale mail of magic resistance
Comestibles
 j - a slice of pizza
 A - 3 meat rations
 C - 3 bread rations
Scrolls
 d - 2 scrolls of teleportation {unknown}
 f - a scroll of identify
 h - a scroll of fog {unknown}
 l - 3 scrolls of amnesia {unknown}
 p - a scroll of fear {unknown}
 s - 2 scrolls of recharging
 v - 2 scrolls of enchant weapon I {unknown}
 w - 2 scrolls of remove curse {unknown}
 G - a scroll of immolation {unknown}
Jewellery
 g - a ring of poison resistance (left hand)
 m - an uncursed ring of protection from fire
 t - an uncursed ring of protection from magic {unknown}
 z - a ring of wizardry (right hand)
Potions
 b - 2 potions of restore abilities {unknown}
 k - 2 potions of agility {unknown}
 o - 2 potions of brilliance {unknown}
 x - 3 potions of curing {unknown}
 B - a potion of paralysis {unknown}
 D - 3 potions of heal wounds {unknown}
 I - a potion of degeneration {unknown}
Books
 c - a book of Conjurations

   Spells                             Type                      Level
   *Magic Dart                        Conjuration                  1
   *Searing Ray                       Conjuration                  2
   Dazzling Spray                     Conjuration/Hexes            3
   Fulminant Prism                    Conjuration/Hexes            4
   Iskenderun's Mystic Blast          Conjuration                  4
   *Iskenderun's Battlesphere         Conjuration/Charms           5
 F - a book of the Warp

   Spells                             Type                      Level
   Control Teleport                   Charms/Translocation         4
   Phase Shift                        Translocation                5
   Warp Weapon                        Charms/Translocation         5
   Summon Forest                      Summoning/Translocation      5
   Dispersal                          Translocation                6
   Controlled Blink                   Translocation                7
   Disjunction                        Translocation                8


   Skills:
 - Level 2.4 Dodging
 - Level 2.4 Stealth
 - Level 3.0 Spellcasting
 * Level 9.5 Conjurations
 + Level 4.8 Charms


You had 4 spell levels left.
You knew the following spells:

 Your Spells              Type           Power        Failure   Level  Hunger
a - Magic Dart            Conj           ####         1%          1    None
b - Searing Ray           Conj           #####.       1%          2    ##.....
c - Iskenderun's Battles  Conj/Chrm      ####....     10%         5    #####..


Dungeon Overview and Level Annotations

Branches:
Dungeon (5/15)
 Temple: D:4-7

Altars:
Makhleb
Nemelex Xobeh
Xom

Annotations:
D:4 Herrn's ghost, experienced GrVM


Message History

Your battlesphere wavers and loses cohesion.
x - 3 brown potions (gained 1)
You are feeling very hungry.
You enter the shallow water.
Moving in this stuff is going to be slow.
You enter the shallow water.
Moving in this stuff is going to be slow.
A centaur comes into view.
The centaur shouts!
The centaur wields a bow.
The centaur shoots an arrow.
The arrow hits you!
You see here an arrow.
Casting: Magic Dart
Confirm with . or Enter, or press ? or * to list all spells.
You miscast Iskenderun's Battlesphere.
You are very lightly contaminated with residual magic.
A wave of violent energy washes through your body!
The centaur shoots an arrow.
The arrow misses you.
The centaur shoots an arrow.
The arrow misses you.
The centaur shoots an arrow.
The arrow hits you!
You die...

....<...# #≈≈≈≈≈≈≈≈≈≈≈≈≈≈...≈≈≈
........# #≈≈≈≈≈≈≈≈≈≈≈≈≈≈..%≈≈≈
........# #≈≈≈≈≈≈≈≈≈≈≈≈≈≈...≈≈≈
........# #≈≈≈≈≈≈≈≈≈≈≈≈≈≈...≈≈≈
........# #≈≈≈≈≈≈≈≈≈≈≈≈≈≈...≈≈≈
........# #≈≈≈≈≈≈≈≈≈≈≈≈≈≈...≈≈≈
........#####≈≈≈≈≈≈≈≈≈≈c≈≈≈...≈≈≈
.................................
................@.(..............
.................................
........#####≈≈≈≈≈≈≈≈≈≈≈≈≈≈...≈≈≈
........# #≈≈≈≈≈≈≈≈≈≈≈≈≈≈...≈≈≈
....)...# #≈≈≈≈≈≈≈≈≈≈≈≈≈≈...≈≈≈
........# #≈≈≈≈≈≈≈≈≈≈≈≈≈≈...≈≈≈
........# #≈≈≈≈≈≈≈≈≈≈≈≈≈≈...≈≈≈
........# #≈≈≈≈≈≈≈≈≈≈≈≈≈≈...≈≈≈
........# #≈≈≈≈≈≈≈≈≈≈≈≈≈≈...≈≈≈


You could see a centaur.

Vanquished Creatures
  A sky beast (D:5)
  2 ice beasts (D:5)
  A giant frog (D:5)
  A hound (D:5)
  An orc priest (D:4)
  5 worker ants
  2 orc wizards (D:4)
  Jessica (D:2)
  Terence (D:2)
  8 adders
  4 worms
  An adder skeleton (D:5)
  2 giant geckos
  3 oozes
  9 orcs
  16 bats
  A bat zombie (D:5)
  5 giant cockroaches
  7 goblins
  10 hobgoblins
  4 jackals (D:5)
  7 kobolds
  A quokka (D:2)
  A giant gecko skeleton (D:4)
  3 giant newts
  A giant newt skeleton (D:4)
  An orc skeleton (D:4)
  15 rats
  A rat skeleton (D:5)
115 creatures vanquished.

Vanquished Creatures (others)
  An orc wizard (D:4)
1 creature vanquished.

Grand Total: 116 creatures vanquished

Notes
Turn   | Place    | Note
--------------------------------------------------------------
     0 | D:1      | Quh, the Deep Elf Conjurer, began the quest for the Orb.
     0 | D:1      | Reached XP level 1. HP: 10/10 MP: 5/5
   470 | D:1      | Reached XP level 2. HP: 15/15 MP: 6/8
   474 | D:1      | Learned a level 2 spell: Searing Ray
   519 | D:1      | Reached skill level 5 in Conjurations
  1125 | D:2      | Reached XP level 3. HP: 19/19 MP: 2/10
  1626 | D:2      | Noticed Jessica
  1631 | D:2      | Killed Jessica
  1631 | D:2      | Reached skill level 6 in Conjurations
  1631 | D:2      | Reached XP level 4. HP: 22/24 MP: 5/13
  1699 | D:2      | Noticed Terence
  1713 | D:2      | HP: 1/24 [Terence/falchion of electrocution (6)]
  1717 | D:2      | Killed Terence
  3366 | D:3      | Found a sparkling altar of Nemelex Xobeh.
  3402 | D:3      | Reached skill level 7 in Conjurations
  3402 | D:3      | Reached XP level 5. HP: 26/28 MP: 1/16
  3954 | D:4      | Noticed Herrn's ghost (experienced GrVM)
  4362 | D:4      | Found a shimmering altar of Xom.
  4402 | D:4      | Learned a level 5 spell: Iskenderun's Battlesphere
  4753 | D:4      | Reached skill level 1 in Charms
  4769 | D:4      | Reached XP level 6. HP: 32/32 MP: 1/18
  5013 | D:4      | Reached skill level 8 in Conjurations
  5165 | D:5      | Entered Level 5 of the Dungeon
  5440 | D:5      | Reached XP level 7. HP: 36/36 MP: 13/20
  5513 | D:5      | Reached skill level 9 in Conjurations
  5839 | D:5      | Found a burning altar of Makhleb.
  6146 | D:5      | Shot with an arrow by a centaur

Action                   |  1- 3 |  4- 6 |  7- 9 || total
-------------------------+-------+-------+-------++-------
Melee: Unarmed           |     9 |     1 |       ||    10
 Cast: Magic Dart        |    62 |   151 |    50 ||   263
       Searing Ray       |     3 |    59 |     5 ||    67
       Iskenderun's Batt |       |       |     3 ||     3
  Use: Scroll            |       |     1 |     2 ||     3
